 Dungeon Crawl Stone Soup version 0.30-b1-2-g02819fbbbe (webtiles) character file.

Game seed: 15185314368487859592

119 Flugkiller the Trooper (level 4, -1/41 HPs)
             Began as a Minotaur Fighter on May 8, 2023.
             Killed by nerve-wracking pain
             ... invoked by an orc priest
              (9 damage)
             ... on level 3 of the Dungeon.
             The game lasted 00:00:43 (1645 turns).

Flugkiller the Trooper (Minotaur Fighter)           Turns: 1645, Time: 00:00:44

Health: -1/41      AC:  8    Str: 21    XL:     4   Next: 74%
Magic:  3/3        EV:  9    Int:  5    God:
Gold:   115        SH:  4    Dex: 11    Spells: 3/3 levels left

rFire   . . .        a - +0 war axe
rCold   . . .        c - +0 buckler
rNeg    . . .        b - +0 scale mail
rPois   .            (helmet restricted)
rElec   .            j - +0 cloak
rCorr   .            (no gloves)
SInv    .            (no boots)
Will    .....        (no amulet) Stlth
                     (no ring)
HPRegen 0.26/turn    (no ring)
MPRegen 0.08/turn

%: no passive effects
@: no status effects
A: horns 2, retaliatory headbutt
a: no special abilities


You were on level 3 of the Dungeon.
You visited 1 branch of the dungeon, and saw 3 of its levels.

You collected 115 gold pieces.

Inventory:

Hand Weapons
 a - a +0 war axe (weapon)
Armour
 b - a +0 scale mail (worn)
 c - a +0 buckler (worn)
 j - a +0 cloak (worn)
   (You found it on level 1 of the Dungeon)
Scrolls
 e - 6 scrolls of identify {unknown}
 g - a scroll of fear {unknown}
 h - 2 scrolls of enchant weapon {unknown}
 l - a scroll of butterflies {unknown}
 n - 3 scrolls of teleportation {unknown}
 o - a scroll of blinking {unknown}
 q - a scroll of amnesia {unknown}
Potions
 d - a potion of might
 f - 2 potions of flight {unknown}
 i - a potion of haste {unknown}
 k - 2 potions of magic {unknown}
 m - a potion of mutation {unknown}
 p - a potion of heal wounds {unknown}


   Skills:
 * Level 4.7 Fighting
 * Level 3.9 Axes
 * Level 4.6 Armour
 + Level 4.1 Shields


You had 3 spell levels left.
You didn't know any spells.
Your spell library was empty.

Dungeon Overview and Level Annotations

Branches:
Dungeon (3/15)

Altars:
Trog


Innate Abilities, Weirdness & Mutations

You have a pair of horns on your head.
You reflexively headbutt those who attack you in melee.


Message History

An adder comes into view.
The adder hisses angrily.
An adder is nearby!
An adder is nearby!
You closely miss the adder. You headbutt the adder.
The adder is lightly wounded.
The adder bites you but does no damage. You block the adder's attack.
You slash the adder!
The adder is almost dead.
The adder bites you but does no damage. You block the adder's attack.
You hit the adder.
You kill the adder!
No target in view!
No target in view!
No target in view!
A rat comes into view.
A rat is nearby!
A rat is nearby!
A rat is nearby!
You closely miss the rat. Your headbutt misses the rat.
The rat bites you but does no damage.
You slash the rat!
You kill the rat!
No target in view!
No target in view!
No target in view!
No target in view!
No target in view!
A hobgoblin comes into view.
The hobgoblin shouts!
A hobgoblin is nearby!
A hobgoblin is nearby!
A hobgoblin is nearby!
Found 2 stones.
Found a stone staircase leading down.
You block the hobgoblin's attack.
You hit the hobgoblin.
You kill the hobgoblin!
No target in view!
No target in view!
No target in view!
Found 3 poisoned darts.
A quokka comes into view.
A quokka is nearby!
The quokka bites you but does no damage.
The quokka barely misses you. You furiously retaliate!
You headbutt the quokka. You slash the quokka!
You kill the quokka!
No target in view!
No target in view!
No target in view!
No target in view!
An orc priest and an orc come into view.
Found a club.
Found a stone staircase leading down.
The orc shouts!
The orc priest casts a cantrip, but nothing happens.
There are monsters nearby!
There are monsters nearby!
An orc comes into view. It is wielding a +0 club.
You see here a +0 club.
You closely miss the orc priest.
The orc priest hits you with a +0 flail!
You hit the orc but do no damage.
The orc priest looks satisfied for a moment.
The orc closely misses you.
You slash the orc!
You kill the orc!
You hit the orc.
The orc is heavily wounded.
The orc barely misses you.
The orc priest miscasts a cantrip.
The orc barely misses you.
You barely miss the orc.
The orc is heavily wounded.
The orc barely misses you.
The orc priest mumbles some strange prayers to Beogh against you.
Beogh smites you!
You closely miss the orc.
The orc is heavily wounded.
The orc hits you with a +0 flail.
The orc priest looks braver for a moment.
You hit the orc.
The orc is severely wounded.
You block the orc's attack.
The orc priest calls down the wrath of Beogh upon you.
Beogh smites you!
* * * LOW HITPOINT WARNING * * *
The orc closely misses you.
You are too injured to fight recklessly!
You slash the orc!
You kill the orc!
You are too injured to fight recklessly!
You hit the orc priest.
The orc priest is moderately wounded.
The orc priest hits you with a +0 flail.
* * * LOW HITPOINT WARNING * * *
You closely miss the orc priest.
The orc priest is moderately wounded.
The orc priest calls down the wrath of Beogh upon you.
Pain shoots through your body!
You die...

...####.####
...#.......# #.
...#..>....# #.##
#..#.......# #.>.
...#(......# #..#
...#.......# #..##
.###.......# ...
## #.......# #o# #
######### #@#
################.#
.................#
#..####.##########
#..####.#
.....##.#
#..#.##.#
#..#....#
........#


You could see an orc priest.

Vanquished Creatures
  Jessica (D:2)
  2 gnolls (D:2)
  3 adders
  2 dart slugs
  2 orcs (D:3)
  3 endoplasms (D:1)
  2 goblins (D:2)
  4 hobgoblins
  3 jackals (D:1)
  5 kobolds
  2 quokkas
  2 ball pythons
  5 bats
  A frilled lizard (D:2)
  6 rats
43 creatures vanquished.

Notes
Turn   | Place    | Note
-------+----------+-------------------------------------------
     0 | D:1      | Flugkiller the Minotaur Fighter began the quest for the
                  | Orb.
     0 | D:1      | Reached XP level 1. HP: 19/19 MP: 0/0
   107 | D:1      | Reached XP level 2. HP: 27/27 MP: 1/1
   815 | D:2      | Noticed Jessica
   817 | D:2      | Killed Jessica
   818 | D:2      | Reached XP level 3. HP: 33/33 MP: 2/2
   862 | D:2      | Found a bloodstained altar of Trog.
  1103 | D:2      | Reached XP level 4. HP: 41/41 MP: 3/3
  1645 | D:3      | Killed from afar by an orc priest

Illustrated notes

Levels and vault maps discovered:
D:1:      wander_arrival_fairy_ring, layout_basic
D:2:      layout_basic, basic_altar, chequers_serial_rivers_micro_e,
          uniq_jessica
D:3:      kennysheep_goblin_castle, layout_loops_cross, marbit_many_paths,
          mainiacjoe_overflow_boulevard, nicolae_ecumenical_lake_church,
          uniq_grinder

Skill      XL: |  1  2  3 |
---------------+----------+-----
Fighting       | 4 |  4.7
Axes           | 3 |  3.9
Armour         | 4 |  4.6
Shields        | 4 |  4.1

Action                     |  1- 3 |  4- 6 || total
---------------------------+-------+-------++-------
  Melee: War axe           |    47 |    34 ||    81
         Headbutt          |     5 |     1 ||     6
 Armour: Scale mail        |    15 |    18 ||    33
  Dodge: Dodged            |    23 |    15 ||    38
  Block: Buckler           |     8 |     8 ||    16
